[Event "Early-Titled-Tuesday-Blitz-October-03-2023"]
[Site "Chess.com"]
[Date "2023.10.03"]
[Round "5"]
[White "Krakozia"]
[Black "ContrVersia"]
[Result "1-0"]
[WhiteElo "3049"]
[BlackElo "2897"]
[TimeControl "180+1"]
[EndTime "8:56:13 PDT"]
[Termination "Krakozia won on time"]

1. Nf3 d5 2. d4 c6 3. c4 Nf6 4. e3 Bf5 5. Nc3 e6 6. Nh4 Be4 7. f3 Bg6 8. Bd2 Be7 9. Nxg6 hxg6 10. Qc2 Nbd7 11. cxd5 Nxd5 12. Nxd5 cxd5 13. Qb3 Bd6 14.
O-O-O Qb6 15. Qxb6 Nxb6 16. h3 Nc4 17. Bxc4 dxc4 18. e4 b5 19. Ba5 Kd7 20. a3 Rh5 21.
Kc2 Kc6 22. Kc3 a6 23. Rhe1 Ra7 24. Re2 Rd7 25. b3 cxb3 26. Kxb3 Kb7 27. Rc2 Rh8 28. Rd3 Rc8 29. Rxc8 Kxc8 30. Rc3+ Kb7 31. a4 Bc7 32.
Bxc7 Rxc7 33. Rxc7+ Kxc7 34. axb5 axb5 35. Kb4 Kc6 36.
h4 f6 37. g4 f5 38. gxf5 gxf5 39. h5 f4 40. Ka5 b4 41. Kxb4 Kd6 42. Kb5 1-0

[Event "Early-Titled-Tuesday-Blitz-October-03-2023"]
[Site "Chess.com"]
[Date "2023.10.03"]
[Round "5"]
[White "CheckThis4"]
[Black "Mystery2007"]
[Result "1-0"]
[WhiteElo "2701"]
[BlackElo "2479"]
[TimeControl "180+1"]
[EndTime "8:56:13 PDT"]
[Termination "CheckThis4 won on time"]

1. d4 Nf6 2. c4 e6 3. Nc3 d5 4. cxd5 exd5 5. Bg5 c6 6. e3 h6 7. Bh4 Be6 8. Bd3 Nbd7 9. Nge2 g5 10. Bg3 Nh5 11.
Qc2 Nxg3 12. hxg3 Bg7 13. O-O-O Qa5 14. f4 Bg4 15. Kb1 O-O-O 16. Rde1 Kb8 17. Nc1 Nf6 18.
Nb3 Qc7 19. Nc5 Nd7 20. N3a4 Qa5 21. Rc1 Nb6 22. a3 Nxa4 23. Nxa4 Rde8 24. Rhe1 Re7 25. Nc5 Rhe8 26. Bf5 Bxf5 27. Qxf5 Bxd4 28. Nb3 Qb6 29. Nxd4 Rxe3 30. Rxe3 Rxe3 31. Qf6 a5 32. Nf5 Re2 33. fxg5 hxg5 34. Qh8+ Ka7 35. Qd4 Qxd4 36. Nxd4 Rxg2 37. Rf1 Rxg3 38. Rxf7 Kb6 39. Rg7 Rd3 40. Ne6 Kb5 41.
Rxg5 b6 42. Kc2 Rf3 43. Nd4+ Kc4 44. Nxf3 1-0

[Event "Early-Titled-Tuesday-Blitz-October-03-2023"]
[Site "Chess.com"]
[Date "2023.10.03"]
[Round "5"]
[White "sonicdravise"]
[Black "Oleksandr_Bortnyk"]
[Result "0-1"]
[WhiteElo "2662"]
[BlackElo "3004"]
[TimeControl "180+1"]
[EndTime "8:56:14 PDT"]
[Termination "Oleksandr_Bortnyk won on time"]

1. d4 Nf6 2. c4 g6 3. Nc3 Bg7 4. e4 d6 5. Nf3 O-O 6. Be2 Na6 7.
O-O e5 8. Be3 Qe7 9. c5 exd4 10.
cxd6 cxd6 11. Bxd4 Bg4 12. Re1 Nb4 13. e5 dxe5 14. Nxe5 Be6 15. Qa4 Rfd8 16. Nf3 Rac8 17. Bf1 a6 18. Bb6 Re8 19. Ng5 Qd6 20. Nxe6 Qxb6 21.
Nxg7 Kxg7 22. h3 Red8 23. Qb3 Rd2 24. Re2 Rxe2 25. Bxe2 Qc5 26. Bf3 Nd3 27. Rf1 b5 28. Ne4 Qd4 29. Nxf6 Kxf6 30. Bb7 Rc1 31. Rxc1 Qxf2+ 32. Kh1 Nxc1 33. Qc3+ Ke7 34. Qxc1 a5 35. Bf3 b4 36. Qc7+ Kf6 37. Qxa5 Qxb2 38. Kh2 h5 39. Qd8+ Kg7 40. Qd5 h4 41. Bd1 Qf2 0-1

[Event "Early-Titled-Tuesday-Blitz-October-03-2023"]
[Site "Chess.com"]
[Date "2023.10.03"]
[Round "5"]
[White "ValentunHulka"]
[Black "Vesper2018"]
[Result "1-0"]
[WhiteElo "2783"]
[BlackElo "2586"]
[TimeControl "180+1"]
[EndTime "8:56:14 PDT"]
[Termination "ValentunHulka won on time"]

1. d4 Nf6 2. c4 g6 3. Nc3 Bg7 4. e4 d6 5. h3 O-O 6. Be3 e5 7. d5 Na6 8. g4 c6 9. Nge2 Nc5 10. f3 cxd5 11. cxd5 a5 12. Ng3 Bd7 13. h4 a4 14.
Qd2 Qa5 15. h5 b5 16. h6 Bh8 17. Nf5 Rfb8 18. Ne7+ Kf8 19. Nc6 Bxc6 20. dxc6 Ne8 21.
Nd5 Rc8 22. Qxa5 Rxa5 23. Bd2 Ra7 24. Bxb5 Rb8 25. Bc4 Rxb2 26. Ke2 a3 27. Ke3 Nc7 28. Bc3 Rg2 29. Rab1 Nxd5+ 30. Bxd5 Bf6 31. Rb8+ Ke7 32. f4 exf4+ 33. Kxf4 Bxc3 34. Rf1 Kf6 35. g5+ Rxg5 36.
Ke3+ Ke5 37. Bxf7 Bd4+ 38. Ke2 Rg2+ 39. Kd1 Rb2 40. Re8+ 1-0

[Event "Early-Titled-Tuesday-Blitz-October-03-2023"]
[Site "Chess.com"]
[Date "2023.10.03"]
[Round "5"]
[White "ChampStan"]
[Black "AnaKuchava"]
[Result "0-1"]
[WhiteElo "2093"]
[BlackElo "2241"]
[TimeControl "180+1"]
[EndTime "8:56:15 PDT"]
[Termination "AnaKuchava won on time"]

1. e4 c5 2. Nf3 d6 3. d4 cxd4 4.
Nxd4 Nf6 5. Nc3 Nc6 6. Bb5 Bd7 7. Bxc6 bxc6 8. O-O e5 9. Nf3 Be7 10. Bg5 O-O 11. Re1 Be6 12. Qd2 h6 13. Bxf6 Bxf6 14.
Rad1 Be7 15. a3 Rb8 16. h3 Rxb2 17. Qc1 Rb6 18. Qd2 Ra6 19. Qc1 Qa5 20. Nb1 Rb8 21.
Re3 Rab6 22. Red3 Rxb1 23. Qxb1 Rxb1 24. Rxb1 Bc4 25. Re3 Kh7 26. Ne1 Bg5 27. Rf3 Bd2 28. Nd3 Bxd3 29. Rxd3 Bg5 30. Rbd1 Be7 31. Rb3 Qc5 32.
Rb7 Bf6 33. Rxf7 Qxc2 34. Rf1 Qxe4 35. Rxa7 d5 36. a4 d4 37. a5 c5 38. a6 Qc6 39.
Rf7 Qxa6 40. Rf8 c4 41. Rf7 c3 0-1

[Event "Early-Titled-Tuesday-Blitz-October-03-2023"]
[Site "Chess.com"]
[Date "2023.10.03"]
[Round "5"]
[White "amylazy"]
[Black "pankajfm"]
[Result "1-0"]
[WhiteElo "2378"]
[BlackElo "2105"]
[TimeControl "180+1"]
[EndTime "8:56:17 PDT"]
[Termination "amylazy won by checkmate"]

1. d4 Nf6 2. Nf3 g6 3. g3 Bg7 4. Bg2 O-O 5. O-O d6 6. a4 a6 7. a5 c5 8. dxc5 dxc5 9. Be3 Nbd7 10. Nc3 Qc7 11. Na4 Ng4 12. Bf4 e5 13. Bd2 Rb8 14. h3 Nh6 15. c4 Nf5 16. e3 b5 17. cxb5 axb5 18. Nc3 Nf6 19. g4 b4 20. Ne2 Ne7 21.
Qc2 h5 22. g5 Bf5 23. Qc1 Ne4 24. Nh4 Nxg5 25. Nxf5 gxf5 26. Ng3 h4 27. Nh5 Bh8 28. Qc4 Qd6 29. Qxh4 f6 30. Rad1 Qe6 31. f4 Ng6 32. Qg3 exf4 33. exf4 Qd6 34. fxg5 Qxg3 35. Nxg3 fxg5 36. Nxf5 Bxb2 37. Bxg5 Bf6 38. Bd5+ Kh7 39.
Bxf6 Rxf6 40. Be4 Ra6 41. Ne7 Rxa5 42. Bxg6+ Kh6 43. Rd6 Kg5 44. Rf5+ Kh6 45. Be8+ Kg7 46. Rf7+ Kh8 47. Rh6# 1-0

[Event "Early-Titled-Tuesday-Blitz-October-03-2023"]
[Site "Chess.com"]
[Date "2023.10.03"]
[Round "5"]
[White "ErikRonka"]
[Black "Mysterio47"]
[Result "1-0"]
[WhiteElo "2497"]
[BlackElo "2703"]
[TimeControl "180+1"]
[EndTime "8:56:18 PDT"]
[Termination "ErikRonka won by resignation"]

1. e4 e5 2. Nf3 Nc6 3. Bb5 a6 4. Ba4 Nf6 5. O-O Be7 6. Re1 b5 7. Bb3 O-O 8. a4 b4 9. a5 d6 10.
d3 Be6 11. Nbd2 Bxb3 12. Nxb3 Re8 13. d4 exd4 14. Nbxd4 Nxd4 15. Qxd4 c5 16. Qc4 Bf8 17. Bg5 h6 18. Bh4 g5 19. Bg3 Rxe4 20. Rxe4 d5 21. Qe2 Nxe4 22. Rd1 Bg7 23. Be5 f6 24. Bg3 f5 25.
Be5 g4 26. Bxg7 Kxg7 27. Ne5 d4 28. f3 Qd5 29. Nd3 gxf3 30. gxf3 Ng5 31. Kf2 Kf7 32.
Re1 Ne6 33. Qd2 Rh8 34. Re5 Qd6 35. Rxf5+ Ke7 36. Re5 Kd7 37. Qe2 Re8 38. Qe4 Kc7 39. f4 Re7 40. f5 c4 41. Rxe6 Qxh2+ 42. Kf1 Qh1+ 43. Qxh1 1-0

[Event "Early-Titled-Tuesday-Blitz-October-03-2023"]
[Site "Chess.com"]
[Date "2023.10.03"]
[Round "5"]
[White "LeoWin2012"]
[Black "MaxLeto"]
[Result "1-0"]
[WhiteElo "2309"]
[BlackElo "2472"]
[TimeControl "180+1"]
[EndTime "8:56:18 PDT"]
[Termination "LeoWin2012 won by resignation"]

1. e4 c5 2. Nf3 d6 3. d4 cxd4 4. Nxd4 Nf6 5. Nc3 a6 6. Be3 Ng4 7.
Bg5 h6 8. Bh4 g5 9. Bg3 Bg7 10.
f3 Ne5 11. Be2 Nbc6 12. Nxc6 bxc6 13. Qd2 Qb6 14. O-O-O Rb8 15. Na4 Qb7 16. c3 Be6 17. b3 O-O 18. h4 Bxb3 19. axb3 Qxb3 20. Qc2 gxh4 21. Bxh4 Ng6 22. Qxb3 Rxb3 23. Kc2 Rfb8 24. Bg3 h5 25. Rb1 Rxb1 26. Rxb1 Rxb1 27. Kxb1 h4 28. Bh2 a5 29. Kc2 Kf8 30. Nb6 Ke8 31. Nc4 a4 32. Bd1 d5 33. exd5 cxd5 34. Nb6 e6 35. Nxa4 Kd7 36. Nc5+ Kc6 37. Nd3 Kb5 38. Kb3 Bh6 39. Be2 Kc6 40. Ne5+ Nxe5 41. Bxe5 Be3 42. c4 d4 43. Bf6 Kd6 44. Bxh4 e5 45. Bd3 Ke6 46. g4 f6 47. c5 Bf4 48. Kc4 Bh6 49. Kb5 Bf8 50. c6 Bd6 51. Kb6 Bb4 1-0

[Event "Early-Titled-Tuesday-Blitz-October-03-2023"]
[Site "Chess.com"]
[Date "2023.10.03"]
[Round "5"]
[White "familijatop71"]
[Black "Gyulamiryan-koryun"]
[Result "0-1"]
[WhiteElo "2193"]
[BlackElo "1998"]
[TimeControl "180+1"]
[EndTime "8:56:18 PDT"]
[Termination "Gyulamiryan-koryun won on time"]

1. e4 c5 2. c3 e5 3. Nf3 Nc6 4. Bc4 d6 5. d3 Na5 6. Bb5+ Bd7 7. Bxd7+ Qxd7 8. O-O Nc6 9. Nbd2 Be7 10. Re1 Nf6 11. Nf1 O-O 12. Bg5 h6 13. Bxf6 Bxf6 14. Ne3 Ne7 15. c4 Ng6 16. Nd5 Be7 17. Nd2 f5 18. Nf1 f4 19. f3 Bh4 20. Re2 Ne7 21. Nxe7+ Qxe7 22. Nd2 Bf6 23. Nb1 g5 24. h3 Kh7 25.
Nc3 Rg8 26. Nd5 Qf7 27. a3 Raf8 28. b4 b6 29. bxc5 dxc5 30. a4 Bd8 31. Rb1 h5 32. Kh1 g4 33. a5 gxh3 34. gxh3 Rg3 35. Rh2 Qe6 36. Qf1 Rfg8 37. axb6 axb6 38. Ra1 h4 39. Ra7+ Kh6 40. Ra1 Qg6 41. Rb1 Qh5 42. Rd1 Rxf3 43.
Qe2 Rgg3 44. Rg1 Rxg1+ 45. Kxg1 Rg3+ 46. Kf1 f3 47. Qe3+ Bg5 48. Qf2 Qe8 0-1

[Event "Early-Titled-Tuesday-Blitz-October-03-2023"]
[Site "Chess.com"]
[Date "2023.10.03"]
[Round "5"]
[White "AbdulovOrkhan"]
[Black "Rodalquilar"]
[Result "1-0"]
[WhiteElo "2568"]
[BlackElo "2718"]
[TimeControl "180+1"]
[EndTime "8:56:19 PDT"]
[Termination "AbdulovOrkhan won on time"]

1. e4 d5 2. exd5 Qxd5 3. Nc3 Qa5 4. d4 Nf6 5. Nf3 Bf5 6. Bd2 e6 7. Nb5 Qb6 8. c4 c6 9. c5 Qd8 10. Na3 Be7 11. Be2 O-O 12. O-O b6 13. b4 a5 14.
Nc4 Nd5 15. a3 axb4 16. axb4 Rxa1 17. Qxa1 b5 18. Nce5 Qc7 19. Qa3 f6 20. Nd3 Nd7 21. Ra1 Rb8 22. Qa7 Rb7 23. Qa8+ Rb8 24. Qa5 Qb7 25.
Nf4 Nc7 26. Qa7 Qc8 27. Qa3 g5 28. Nd3 Ra8 29. Qb2 Ra6 30. h4 h6 31. hxg5 hxg5 32. Nc1 Qa8 33. Rxa6 Qxa6 34. Nb3 Nd5 35. Na5 Bd8 36. Ne1 Kf7 37. Bd3 Bc7 38. Bxf5 exf5 39. Qc2 Ne7 40. Qb3+ Nd5 41. Qh3 Ke6 42. Qh8 Bxa5 43.
bxa5 b4 44. Qe8+ Ne7 45. Bxb4 Qb5 46. Bc3 Qc4 47. Bd2 Qe2 48. Nf3 g4 49. d5+ cxd5 50.
Nd4+ 1-0

[Event "Early-Titled-Tuesday-Blitz-October-03-2023"]
[Site "Chess.com"]
[Date "2023.10.03"]
[Round "5"]
[White "astralpulse"]
[Black "ploxoi"]
[Result "1-0"]
[WhiteElo "2700"]
[BlackElo "2462"]
[TimeControl "180+1"]
[EndTime "8:56:19 PDT"]
[Termination "astralpulse won by resignation"]

1. Nf3 d5 2. g3 c6 3. Bg2 Nf6 4. O-O Bf5 5. d4 h6 6. c4 e6 7. Nc3 Be7 8. Qb3 Qb6 9. Nd2 Nbd7 10. e4 dxe4 11. Ndxe4 Nxe4 12. Nxe4 O-O 13. Be3 Rfd8 14.
Nc3 Qxb3 15. axb3 Bc2 16. d5 c5 17. dxe6 fxe6 18. Bxb7 Rab8 19. Rxa7 Bxb3 20. Bf4 e5 21.
Bd5+ Kh8 22. Be3 Bf8 23. Rc7 Bd6 24. Rc6 Rb6 25. Ne4 Bxc4 26. Rxd6 Rxd6 27. Bxc4 Rb6 28. b3 Rc8 29. Ra1 Rc7 30. Ra8+ Kh7 31. h4 Kg6 32. g4 h5 33. f3 Rb8 34. Ra6+ Rb6 35. Ra5 hxg4 36.
fxg4 Kh7 37. Kg2 g6 38. Kg3 Kg7 39. Ra8 Kh7 40. Ng5+ Kg7 41. Ne6+ Rxe6 42. Bxe6 Nf8 43. Bc4 e4 44. Bf4 Re7 45. Bg5 Re5 46. Kf4 Nd7 47. Ra7 e3 48. Rxd7+ 1-0

[Event "Early-Titled-Tuesday-Blitz-October-03-2023"]
[Site "Chess.com"]
[Date "2023.10.03"]
[Round "5"]
[White "Roedor"]
[Black "inegrepus"]
[Result "1/2-1/2"]
[WhiteElo "2387"]
[BlackElo "2185"]
[TimeControl "180+1"]
[EndTime "8:56:19 PDT"]
[Termination "Game drawn by repetition"]

1. Nf3 Nf6 2. c4 g6 3. g3 Bg7 4.
Bg2 O-O 5. O-O d6 6. Nc3 c5 7.
d4 Nc6 8. dxc5 dxc5 9. Be3 Be6 10. Bxc5 Qa5 11. Be3 Bxc4 12. Qc2 Rac8 13. Rac1 Nb4 14.
Qb1 Rfd8 15. a3 Nbd5 16. Nxd5 Nxd5 17. Bd2 Qa6 18. e4 Nf6 19. Rfe1 Bd3 20. Rxc8 Rxc8 21. Bf1 Bxb1 22. Bxa6 bxa6 23. Rxb1 Nxe4 24. Be3 Rc2 25.
b3 Nc3 26. Re1 Nd5 27. Bxa7 Rc3 28. Rd1 e6 29. Kg2 Rxb3 30. Bc5 Bf8 31. Rc1 Bxc5 32. Rxc5 Rxa3 33. Rc8+ Kg7 34. Ra8 a5 35. Ra7 Kf6 36. h4 h6 37. Nd2 Ra2 38. Ne4+ Kg7 39. Nd6 a4 40. Rxf7+ Kg8 41. Ra7 Ra1 42. Nc4 Nc3 43. Kf3 a3 44. Rxa3 Rxa3 45. Nxa3 Kf7 46. Nc4 Kf6 47. g4 Nd5 48. Ne3 Nxe3 49. Kxe3 Ke5 50. f4+ Kd5 51. Kd3 e5 52. Ke3 exf4+ 53. Kxf4 Ke6 54. Ke4 Kd6 55. Kf4 Ke6 56. Ke4 Kd6 57.
Kf4 Ke6 1/2-1/2

[Event "Early-Titled-Tuesday-Blitz-October-03-2023"]
[Site "Chess.com"]
[Date "2023.10.03"]
[Round "5"]
[White "Tsyhanchuk_Stanislav"]
[Black "kidagent"]
[Result "1-0"]
[WhiteElo "2439"]
[BlackElo "2262"]
[TimeControl "180+1"]
[EndTime "8:56:20 PDT"]
[Termination "Tsyhanchuk_Stanislav won on time"]

1. e4 c6 2. d4 d5 3. e5 c5 4.
dxc5 Nc6 5. Bg5 h6 6. Bh4 Qa5+ 7. c3 Qxc5 8. Nf3 Bg4 9. Bg3 e6 10.
Be2 O-O-O 11. Nbd2 Nge7 12. O-O Nf5 13. b4 Qb6 14. a4 Nxg3 15. hxg3 f6 16. a5 Qc7 17. b5 Nxe5 18. b6 axb6 19. axb6 Qxb6 20. Nxe5 Bxe2 21. Qxe2 fxe5 22. Qxe5 Bd6 23. Qxe6+ Kc7 24. c4 Rhe8 25. Qg4 Qb2 26. Nf3 Bc5 27. cxd5 Rxd5 28. Rac1 b6 29. Qa4 Re7 30. Qa7+ Kd6 31. Qb8+ Kd7 32. Rcd1 Qb3 33. Qb7+ Kd6 34. Qb8+ Kd7 35. Rde1 Qc4 36. Qb7+ Kd8 37. Qb8+ Kd7 38. Ne5+ Rdxe5 39. Rxe5 Bxf2+ 40. Rxf2 Qc1+ 41. Kh2 Rxe5 42. Qxe5 1-0

[Event "Early-Titled-Tuesday-Blitz-October-03-2023"]
[Site "Chess.com"]
[Date "2023.10.03"]
[Round "5"]
[White "LuisFSiles"]
[Black "VOneChess"]
[Result "0-1"]
[WhiteElo "2268"]
[BlackElo "2226"]
[TimeControl "180+1"]
[EndTime "8:56:21 PDT"]
[Termination "VOneChess won on time"]

1. d4 Nf6 2. c4 e6 3. Nf3 Bb4+ 4. Nc3 b6 5. e3 Bb7 6. Bd3 Ne4 7. Bd2 Bxc3 8.
Bxc3 O-O 9. Bb4 d6 10. O-O Nd7 11. Qc2 f5 12. Nd2 Ndf6 13. f3 Nxd2 14. Bxd2 Qe8 15. e4 fxe4 16. fxe4 Qg6 17. Rae1 Rae8 18. Rf3 e5 19. d5 Bc8 20. Ref1 Bg4 21. R3f2 Rf7 22. b4 Ref8 23. c5 bxc5 24. bxc5 Bd7 25. cxd6 cxd6 26. Bb4 Nh5 27. Rxf7 Rxf7 28. Rxf7 Qxf7 29. Bxd6 Qf6 30. Qc7 Be8 31. Bxe5 Qg5 32. Bd4 Qd2 33. Bf1 Qxd4+ 34. Kh1 Qf2 35. Qc4 Kh8 36. d6 Nf4 37. d7 Bxd7 38. e5 Be6 39. Qb5 h6 0-1

[Event "Early-Titled-Tuesday-Blitz-October-03-2023"]
[Site "Chess.com"]
[Date "2023.10.03"]
[Round "5"]
[White "venturov"]
[Black "ChessQueen"]
[Result "0-1"]
[WhiteElo "2486"]
[BlackElo "2727"]
[TimeControl "180+1"]
[EndTime "8:56:24 PDT"]
[Termination "ChessQueen won by checkmate"]

1. e4 c6 2. d4 d5 3. e5 c5 4. dxc5 e6 5. a3 Bxc5 6. Qg4 Ne7 7. Nf3 Ng6 8. b4 Be7 9. Bd3 a5 10. b5 Nd7 11. O-O Ndxe5 12. Nxe5 Nxe5 13. Qg3 Nxd3 14. cxd3 Bf6 15. Ra2 a4 16. Bf4 O-O 17. Nd2 Re8 18. Nf3 e5 19. Bxe5 Qb6 20. Rb1 Bf5 21.
Rd2 Rac8 22. Qf4 Qxb5 23. Rdd1 Qd7 24. Bxf6 gxf6 25. Nd4 Bg6 26. Qxf6 Qe7 27. Qf4 Rc3 28. h4 Qe5 29. Qg4 h5 30. Qd7 Re7 31. Qd8+ Kg7 32. Nf3 Qf6 33. Qxd5 Rxa3 34. Qc5 Rxd3 35. Rxd3 Bxd3 36.
Rb6 Re6 37. Rxb7 Be4 38. Ng5 Bxb7 39. Nxe6+ Qxe6 40. Qg5+ Qg6 41. Qe5+ Qf6 42. Qc7 Be4 43. g4 Qf3 44. Qe5+ Kf8 45. Qb8+ Kg7 46. Qe5+ Kg8 47.
Qg5+ Kf8 48. Qd8+ Kg7 49. Qg5+ Bg6 50. Qe5+ Qf6 51. Qa5 Qxh4 52. gxh5 Qg4+ 53. Kf1 Bd3+ 54. Ke1 Qe2# 0-1

[Event "Early-Titled-Tuesday-Blitz-October-03-2023"]
[Site "Chess.com"]
[Date "2023.10.03"]
[Round "5"]
[White "carloseduar100"]
[Black "Sergey85Rodchenkov"]
[Result "0-1"]
[WhiteElo "2323"]
[BlackElo "2526"]
[TimeControl "180+1"]
[EndTime "8:56:25 PDT"]
[Termination "Sergey85Rodchenkov won by resignation"]

1. e4 c5 2. Nf3 d6 3. Bc4 Nf6 4.
Nc3 a6 5. a4 g6 6. O-O Bg7 7. Re1 O-O 8. d4 cxd4 9. Nxd4 Nbd7 10. Kh1 Ne5 11. Be2 Neg4 12. Bxg4 Nxg4 13. Kg1 Qb6 14. Be3 Nxe3 15. fxe3 Qxb2 16. Qd3 Qb6 17. Rab1 Qd8 18. Rf1 e6 19. Kh1 Qc7 20. h3 Bd7 21. a5 Rac8 22. Nce2 e5 23. Nf3 Bb5 24. Qd2 Qxc2 25.
Rxb5 Qxd2 26. Nxd2 axb5 27. Nf3 Rc2 28. Nc1 Bh6 29. Nd3 Rc3 30. Nb4 Rc4 31. Nd5 Kh8 32.
Rb1 Rc5 33. Rd1 Ra8 34. Nf6 Bg7 35. Nd7 Rc6 36. Ra1 b4 37. Ra4 b3 38. Rb4 Rxa5 39. Rxb3 b5 40. Nb6 Rxb6 41. Ng5 Bf6 42. Nxf7+ Kg7 43. Nxd6 Ra1+ 44. Kh2 Rxd6 0-1

[Event "Early-Titled-Tuesday-Blitz-October-03-2023"]
[Site "Chess.com"]
[Date "2023.10.03"]
[Round "5"]
[White "Zhigalko_Sergei"]
[Black "Mesa_1"]
[Result "1-0"]
[WhiteElo "2934"]
[BlackElo "2636"]
[TimeControl "180+1"]
[EndTime "8:56:27 PDT"]
[Termination "Zhigalko_Sergei won by resignation"]

1. e4 e6 2. d4 d5 3. e5 c5 4. c3 Nc6 5. Nf3 Bd7 6. Be2 f6 7. O-O fxe5 8. Nxe5 Nxe5 9. dxe5 Qc7 10. c4 Ne7 11.
Nc3 d4 12. Ne4 Qxe5 13. Re1 Nc6 14. Bh5+ g6 15. Bg5 Be7 16. Nf6+ Bxf6 17. Rxe5 Bxe5 18. Bf3 O-O 19. Qe2 Bg7 20. Re1 d3 21. Qxd3 Nd4 22.
Be4 Rac8 23. h4 b5 24. b3 bxc4 25. bxc4 Rb8 26. h5 gxh5 27. Bxh7+ Kh8 28. Bg6 Rb2 29.
Qh3 Rfxf2 30. Qxh5+ Kg8 31. Be4 Ne2+ 32. Rxe2 Rfxe2 33.
Qh7+ Kf8 34. Bh6 Bxh6 35. Qxh6+ Ke7 36. Bf3 Red2 37. Qg5+ Kd6 38. Qf4+ Ke7 39. Qc7 Rxa2 40. Qxc5+ Ke8 41. Qh5+ Ke7 42. Qg5+ Kd6 43. c5+ Kc7 44. Qe5+ Kc8 45. c6 Be8 46. Qxe6+ Kd8 47. Qf6+ Kc7 48.
Qe5+ Kd8 49. c7+ Kd7 50. Bg4+ 1-0

[Event "Early-Titled-Tuesday-Blitz-October-03-2023"]
[Site "Chess.com"]
[Date "2023.10.03"]
[Round "5"]
[White "rikchessmx"]
[Black "kingapolak"]
[Result "0-1"]
[WhiteElo "2328"]
[BlackElo "1751"]
[TimeControl "180+1"]
[EndTime "8:56:27 PDT"]
[Termination "kingapolak won on time"]

1. e4 c5 2. Nf3 Nc6 3. Bc4 e6 4. O-O a6 5. a4 Nf6 6. e5 Ng4 7. Qe2 Qc7 8. Re1 d6 9. exd6 Bxd6 10. h3 Nge5 11. Nxe5 Nxe5 12. Ba2 O-O 13. d3 b5 14. Nc3 Bb7 15. axb5 axb5 16. Bf4 Ng6 17. Bxd6 Qxd6 18.
Ne4 Qc6 19. f3 Rfe8 20. Qe3 c4 21. Qc5 cxd3 22. cxd3 Rad8 23. Rad1 Rd7 24. Qe3 Red8 25. Nc5 Rd6 26. b4 Ne7 27. d4 Nd5 28. Qd2 Bc8 29.
Bb1 g6 30. Qb2 Nb6 31. Be4 Qc7 32. Bb1 Nc4 33. Qc3 Bb7 34. Ne4 Bxe4 35. fxe4 Qb6 36. Kh2 Rxd4 37. Rc1 Rd2 38. Qg3 Rb2 39. e5 Rdd2 40.
Be4 Qd4 41. Qf3 Qxe5+ 42. Kh1 Qd4 43. Rf1 f5 44. Bxf5 exf5 45. Qa8+ Qd8 46. Qb7 Rxg2 0-1

[Event "Early-Titled-Tuesday-Blitz-October-03-2023"]
[Site "Chess.com"]
[Date "2023.10.03"]
[Round "5"]
[White "FoxOnTheRun97"]
[Black "maracayo"]
[Result "1-0"]
[WhiteElo "2519"]
[BlackElo "2387"]
[TimeControl "180+1"]
[EndTime "8:56:29 PDT"]
[Termination "FoxOnTheRun97 won on time"]

1. d4 d6 2. c4 Nf6 3. g3 e5 4. d5 Be7 5. Bg2 O-O 6. e3 Ne8 7. Ne2 g6 8. Nbc3 Ng7 9. f4 f5 10.
b3 Nd7 11. Bb2 a6 12. O-O Nf6 13. h3 Rb8 14. a4 h6 15. Qd2 g5 16. Kh2 Qe8 17. e4 exf4 18. gxf4 Nxe4 19. Nxe4 fxe4 20. Bxe4 Bf5 21. Ng3 Bxe4 22. Nxe4 Qg6 23. Rae1 Rbe8 24. fxg5 Bxg5 25. Nxg5 hxg5 26. Rxe8 Nxe8 27. Rg1 Rf5 28. Bc1 Nf6 29. Rxg5 Rxg5 30. Qxg5 Qxg5 31. Bxg5 Ne4 32. Be3 Kf7 33. Kg2 Kg6 34. Kf3 Kf5 35.
h4 Nf6 36. Bg5 Ne8 37. Bd8 c6 38. h5 cxd5 39. cxd5 b5 40. a5 b4 41. Kg3 Ke5 42. h6 Nf6 43. Bxf6+ Kxf6 44. Kf4 Kg6 45. Kg4 Kxh6 46.
Kf5 1-0

[Event "Early-Titled-Tuesday-Blitz-October-03-2023"]
[Site "Chess.com"]
[Date "2023.10.03"]
[Round "5"]
[White "Marcin"]
[Black "Man-Chuk"]
[Result "0-1"]
[WhiteElo "2500"]
[BlackElo "2767"]
[TimeControl "180+1"]
[EndTime "8:56:33 PDT"]
[Termination "Man-Chuk won on time"]

1. Nf3 d5 2. e3 c5 3. c4 d4 4.
exd4 cxd4 5. d3 Nc6 6. g3 e5 7.
Bg2 Bd6 8. O-O a5 9. Na3 Nge7 10.
Nb5 Bb8 11. b3 O-O 12. Ba3 Re8 13. Re1 Ng6 14. Qd2 Ra6 15. c5 Be6 16. Nd6 Bxd6 17.
cxd6 Bd5 18. Rac1 Nb4 19. Bxb4 axb4 20. Qxb4 Rxd6 21. Rc5 h6 22. Rec1 Bc6 23. Nd2 Bxg2 24. Kxg2 Qd7 25. Ne4 Ra6 26. Rc7 Qg4 27. Qd2 Nf4+ 28.
Kg1 Ne2+ 29. Kg2 Nxc1 30. Rxc1 f5 31. Nc5 Rc6 32. b4 b6 33. Nd7 Rxc1 34. Qxc1 e4 35.
Qc4+ Kh8 36. Qf7 Qf3+ 37. Kh3 Qg4+ 38. Kg2 Qf3+ 39. Kh3 Rc8 40. Ne5 Qxf2 41. Ng6+ Kh7 42. Ne7 Qf1+ 43. Kh4 Ra8 44. Nxf5 Rg8 45. Qe6 exd3 46.
Ne7 Rf8 47. Qg6+ Kh8 48. g4 Qf6+ 49. Qxf6 Rxf6 0-1

[Event "Early-Titled-Tuesday-Blitz-October-03-2023"]
[Site "Chess.com"]
[Date "2023.10.03"]
[Round "5"]
[White "invisible_s0ul"]
[Black "MidnightFox"]
[Result "0-1"]
[WhiteElo "2291"]
[BlackElo "2473"]
[TimeControl "180+1"]
[EndTime "8:56:33 PDT"]
[Termination "MidnightFox won on time"]

1. e4 c5 2. Nf3 d6 3. d4 cxd4 4. Nxd4 Nf6 5. Nc3 a6 6. Be2 e5 7. Nb3 Be7 8. O-O O-O 9. Be3 Be6 10. f3 Nbd7 11. a4 Rc8 12. Kh1 h6 13. a5 Re8 14.
Qd2 Bf8 15. Rfd1 Qc7 16. Qe1 Qc6 17. Qg3 Kh8 18. Bd3 Nc5 19. Nxc5 dxc5 20. f4 Nh5 21.
Qf3 Nxf4 22. Bxf4 exf4 23. Qxf4 c4 24. Be2 Rcd8 25. Bf3 Qc5 26. Nd5 Bxd5 27. exd5 Kg8 28. Rf1 Bd6 29. Qf5 g6 30. Qh3 Kg7 31. Qg4 Re7 32. h4 h5 33. Qg5 Qd4 34. Bxh5 Rh8 35. Rxf7+ Kxf7 36. Rf1+ Ke8 37. Bxg6+ Kd8 38. h5 Qe5 39. Qh4 Kc7 40. h6 Kb8 41. h7 Bc7 42. Qh3 Rg7 43. Bh5 Rhxh7 44. Rf8+ Ka7 45. g4 Rxh5 46.
Qxh5 Qe1+ 47. Kg2 Qg3+ 48. Kf1 Re7 0-1

[Event "Early-Titled-Tuesday-Blitz-October-03-2023"]
[Site "Chess.com"]
[Date "2023.10.03"]
[Round "5"]
[White "Witik"]
[Black "Let_it_be_1"]
[Result "1/2-1/2"]
[WhiteElo "2837"]
[BlackElo "2628"]
[TimeControl "180+1"]
[EndTime "8:56:34 PDT"]
[Termination "Game drawn - insufficient material"]

1. d4 d5 2. Bf4 e6 3. e3 Bd6 4. Nd2 b6 5. Qg4 g6 6. Qg3 Ne7 7. Bd3 Ba6 8. Bxd6 Qxd6 9. Qxd6 cxd6 10. Bxa6 Nxa6 11. c3 Kd7 12. Ke2 b5 13. Ngf3 h6 14. a4 b4 15. c4 dxc4 16. Nxc4 Rac8 17. Rhc1 f5 18. Nfd2 Rc7 19. Rc2 Rhc8 20. Rac1 Nd5 21. Nb3 Ke7 22. Kd3 Nb8 23. f3 Nd7 24. e4 fxe4+ 25. fxe4 Nf4+ 26. Ke3 e5 27. dxe5 Nxe5 28. Nba5 Nfd3 29. Nxe5 Nxc1 30. Nec6+ Kd7 31. Rxc1 Rxc6 32. Nxc6 Rxc6 33. Rxc6 Kxc6 34. Kd4 a5 35. b3 Kc7 36. Kd5 Kd7 37. e5 dxe5 38. Kxe5 Kc6 39. h4 h5 40. Kf6 Kd5 41. Kxg6 Kd4 42. Kxh5 Kc3 43. g4 Kxb3 44. g5 Kxa4 45. g6 b3 46. g7 b2 47. g8=Q b1=Q 48. Qg6 Qb5+ 49. Qg5 Kb4 50. Kg6 Qxg5+ 51. hxg5 a4 52.
Kf7 a3 53. g6 a2 54. g7 a1=Q 55. g8=Q Qa2+ 56. Kf8 Qxg8+ 57. Kxg8 1/2-1/2

[Event "Early-Titled-Tuesday-Blitz-October-03-2023"]
[Site "Chess.com"]
[Date "2023.10.03"]
[Round "5"]
[White "koncheto"]
[Black "bocah_sakit"]
[Result "0-1"]
[WhiteElo "2539"]
[BlackElo "2730"]
[TimeControl "180+1"]
[EndTime "8:56:36 PDT"]
[Termination "bocah_sakit won by resignation"]

1. e4 e5 2. Nf3 Nc6 3. Bc4 Nf6 4. d3 Bc5 5. O-O O-O 6. h3 d5 7. exd5 Nxd5 8. Re1 Re8 9. Nc3 Nxc3 10. bxc3 h6 11. Be3 Bxe3 12. Rxe3 Be6 13. Nxe5 Nxe5 14. Rxe5 Bxc4 15. Rxe8+ Qxe8 16. dxc4 Rd8 17. Qf3 c6 18. Rd1 Rxd1+ 19. Qxd1 Qe5 20. Qd8+ Kh7 21. Qd3+ f5 22. g4 Kg6 23. Kg2 Kf6 24. Qd4 f4 25. Kf3 g5 26. h4 Ke6 27. hxg5 hxg5 28. c5 Qd5+ 29. Ke2 a5 30. f3 a4 31. a3 Qe5+ 32. Kd2 Qd5 33. Ke2 Qe5+ 34. Kd2 Kf6 35. Kd3 Ke6 36. Qxe5+ Kxe5 37. Kc4 Ke6 38. Kd4 Kf6 39. Ke4 Ke6 40. Kd4 Kf6 41. Kc4 Ke5 42. Kb4 Kd5 43. c4+ Kd4 44.
c3+ Kd3 45. Ka5 Kxc4 46. Kb6 Kd5 47. Kxb7 Kxc5 48. Kc7 Kd5 49. Kb6 Kc4 50. Kxc6 Kxc3 51. Kc5 Kb3 52. Kd4 Kxa3 53. Kc3 Ka2 54. Kc2 a3 55. Kc1 Kb3 56. Kb1 Kc3 57. Ka2 Kd3 58. Kxa3 Ke3 0-1